 Dungeon Crawl Stone Soup version 0.28.0 (webtiles) character file.

Game seed: 12718045457008252459

268925 Daunt the Phalangite (level 21, -2/158 HPs)
             Began as a Formicid Ice Elementalist on Feb 6, 2022.
             Was the Champion of Hepliaklqana.
             Shot with a bolt by a yaktaur captain (26 damage)
             ... on level 4 of the Vaults on Feb 7, 2022.
             The game lasted 04:37:42 (50785 turns).

Daunt the Phalangite (Formicid Ice Elementalist)   Turns: 50785, Time: 04:37:43

Health: -2/158     AC: 23    Str: 23    XL:     21   Next: 44%
Magic:  24/26      EV:  9    Int: 16    God:    Hepliaklqana [******]
Gold:   1353       SH: 20    Dex: 11    Spells: 16/24 levels left

rFire   . . .      SeeInvis +   a - +6 bardiche (chaos)
rCold   . . .      Faith    .   B - +2 kite shield
rNeg    . . .      Spirit   .   A - +2 storm dragon scales
rPois   +          Reflect  +   (helmet unavailable)
rElec   +          Harm     .   g - +0 cloak
rCorr   .          Rampage  .   G - +0 pair of gloves
Will    +++..                   L - +0 pair of boots
Stlth   ..........              P - amulet "Dawava" {Reflect +Blink +Inv rPois SH+5}
HPRegen 0.36/turn               D - ring of willpower
MPRegen 0.20/turn               n - +4 ring of slaying

@: no status effects
A: reduced essence, permanent stasis, dig shafts and tunnels, antennae 3, four
strong arms
}: 1/15 runes: barnacled
a: Dig, Shaft Self, Renounce Religion, Evoke Invisibility, Recall Ancestor,
Ancestor Identity, Transference, Idealise


You were on level 4 of the Vaults.
You worshipped Hepliaklqana.
Hepliaklqana was exalted by your worship.
You visited 6 branches of the dungeon, and saw 32 of its levels.
You also visited: Sewer and Gauntlet.

You collected 3575 gold pieces.
You spent 2222 gold pieces at shops.

Inventory:

Hand Weapons
 a - a +6 bardiche of chaos (weapon)
 b - a +3 vampiric bardiche
Missiles
 e - 962 stones
 o - 43 boomerangs (quivered)
 p - 35 poisoned darts
 w - 5 curare-tipped darts
 z - 5 silver javelins
 E - 10 atropa-tipped darts
 F - 4 silver boomerangs
 N - 15 throwing nets
 T - 7 javelins
Armour
 c - a +0 tower shield
 g - a +0 cloak (worn)
 A - +2 storm dragon scales (worn)
 B - a +2 kite shield (worn)
 C - a +2 plate armour of fire resistance
 G - a +0 pair of gloves (worn)
 L - a +0 pair of boots (worn)
 S - a +2 plate armour of cold resistance
Jewellery
 n - a +4 ring of slaying (right hand)
 D - a ring of willpower (left hand)
 P - the amulet "Dawava" (around neck) {Reflect +Blink +Inv rPois SH+5}
   (You found it in a Gauntlet)

   [amulet of reflection]

   It reflects blocked missile attacks.
   rPois:     It protects you from poison.
   +Inv:      It lets you turn invisible.
   +Blink:    It lets you blink.
   SH:        It affects your SH (+5).
 Q - a +6 ring of dexterity
 V - the ring "Tystrem" {Wiz Slay+2}
   (You found it in a Gauntlet)

   [ring of wizardry]

   It improves your spell success rate.
   Slay:      It affects your accuracy & damage with ranged weapons and melee
   (+2).
Wands
 q - a wand of mindburst (46)
 H - a wand of flame (31)
 M - a wand of iceblast (5)
 O - a wand of polymorph (10)
 W - a wand of acid (2)
Scrolls
 f - 2 scrolls of magic mapping
 i - 3 scrolls of identify
 j - 7 scrolls of fear
 l - a scroll of silence
 y - 2 scrolls of brand weapon
 K - 6 scrolls of immolation
 X - 5 scrolls of enchant armour
 Y - 3 scrolls of summoning
 Z - 3 scrolls of fog
Potions
 h - 3 potions of flight
 k - 5 potions of invisibility
 m - 5 potions of lignification
 r - 17 potions of curing
 s - 2 potions of heal wounds
 t - 2 potions of might
 v - 3 potions of ambrosia
 x - 2 potions of attraction
 J - 6 potions of mutation
Miscellaneous
 d - a tin of tremorstones (2/2)
 u - a phial of floods
 I - a condenser vane
 U - a phantom mirror


   Skills:
 + Level 17.9 Fighting
 * Level 21.2 Polearms
 - Level 14.5 Throwing
 - Level 15.0 Armour
 + Level 3.6 Dodging
 - Level 3.0 Stealth
 - Level 16.0 Shields
 - Level 2.3 Spellcasting
 - Level 7.0 Ice Magic
 - Level 7.8 Invocations
 - Level 11.0 Evocations


You had 16 spell levels left.
You knew the following spells:

 Your Spells              Type           Power      Damage    Failure   Level
a - Freeze                Ice            96%        1d11      8%          1
b - Apportation           Tloc           2%         N/A       78%         1
o - Ozocubu's Armour      Ice            24%        N/A       22%         3
r - Frozen Ramparts       Ice            48%        1d6       22%         3

Your spell library contained the following spells:

 Spells                   Type           Power      Damage    Failure   Level
 Ensorcelled Hibernation  Hex/Ice        26%        N/A       43%         2
 Shock                    Conj/Air       4%         1d3       78%         1
 Sting                    Tmut/Pois      4%         1d3       78%         1
 Scorch                   Fire           2%         2d5       89%         2
 Hailstorm                Conj/Ice       13%        3d5       97%         4
 Ice Form                 Ice/Tmut       13%        N/A       97%         4
 Summon Ice Beast         Ice/Summ       13%        N/A       97%         4
 Call Canine Familiar     Summ           1%         N/A       98%         3
 Confusing Touch          Hex            1%         N/A       98%         3
 Gell's Gravitas          Tloc           1%         N/A       98%         3
 Ignite Poison            Fire/Tmut/Pois 1%         N/A       98%         3
 Lesser Beckoning         Tloc           1%         N/A       98%         3
 Mephitic Cloud           Conj/Pois/Air  1%         N/A       98%         3
 Portal Projectile        Hex/Tloc       2%         N/A       98%         3
 Spider Form              Tmut/Pois      1%         N/A       98%         3
 Teleport Other           Tloc           1%         N/A       98%         3
 Anguish                  Hex/Necr       0%         N/A       100%        4
 Flame Wave               Conj/Fire      1%         2d4       100%        4
 Fulminant Prism          Conj/Hex       0%         3d6       100%        4
 Iskenderun's Mystic Bla  Conj/Tloc      1%         2d3       100%        4
 Leda's Liquefaction      Hex/Erth       0%         N/A       100%        4
 Passage of Golubria      Tloc           1%         N/A       100%        4
 Petrify                  Tmut/Erth      1%         N/A       100%        4
 Sticky Flame             Conj/Fire      1%         2d3       100%        4
 Alistair's Intoxication  Tmut/Pois      0%         N/A       100%        5
 Borgnjor's Vile Clutch   Necr/Erth      0%         N/A       100%        5
 Fireball                 Conj/Fire      0%         3d3       100%        5
 Freezing Cloud           Conj/Ice/Air   4%         6-21      100%        5
 Iskenderun's Battlesphe  Conj           1%         2d6       100%        5
 Manifold Assault         Tloc           1%         N/A       100%        5
 Metabolic Englaciation   Hex/Ice        6%         N/A       100%        5
 Summon Forest            Summ/Tloc      0%         N/A       100%        5
 Dispersal                Tloc           0%         N/A       100%        6
 Eringya's Noxious Bog    Tmut/Pois      0%         N/A       100%        6
 Iron Shot                Conj/Erth      0%         9d1       100%        6
 Statue Form              Tmut/Erth      0%         N/A       100%        6
 Summon Cactus Giant      Summ           0%         N/A       100%        6
 Monstrous Menagerie      Summ           0%         N/A       100%        7
 Spellforged Servitor     Conj/Summ      0%         N/A       100%        7
 Storm Form               Tmut/Air       0%         N/A       100%        7
 Disjunction              Tloc           0%         N/A       100%        8
 Blink                    Tloc           Unusable   N/A       N/A         2

Dungeon Overview and Level Annotations

Branches:
Dungeon (15/15)            Temple (0/1) D:7            Lair (6/6) D:10
 Shoals (4/4) Lair:3        Snake (1/4) Lair:2        Slime (0/5) Lair:5
    Orc (2/2) D:10            Elf (0/3) Orc:2        Vaults (3/5) D:14
 Depths (0/4) D:15          Sewer (visited)         Gauntlet (visited)
  Crypt: Vaults:2-3

Altars:
Cheibriados
Gozag
Hepliaklqana
Makhleb
Nemelex Xobeh
Okawaru
Sif Muna
Trog
Uskayaw
Vehumet
Wu Jian
Xom
Zin
Beogh
Jiyva

Shops:
D:2 =[(   D:5 !   Orc:1 *(*   Orc:2 *[*=(   Vaults:2 ?

Annotations:
D:13 mapping
Lair:1 Nergalle
Lair:4 exclusion: oklob plant


Innate Abilities, Weirdness & Mutations

Your life essence is reduced to manifest your ancestor. (-10% HP)
You cannot be hasted, slowed, berserked, paralysed or teleported.
You can dig through walls and to a lower floor.
You have a pair of large antennae on your head. (SInv)
Your four strong arms can wield two-handed weapons with a shield.


Message History

Unknown command.
Unknown command.
Unknown command.
Unknown command.
Unknown command.
Okay, then.
Unknown command.
Okay, then.
Unknown command.
Unknown command.
Unknown command.
Are you sure you want to shaft yourself?
The ancient champion hits Doomstar with a +2 battleaxe of draining!
The curse skull calls on the powers of darkness!
Your body is wracked with pain!
* * * LOW HITPOINT WARNING * * *
Doomstar hits the ancient champion with a +0 broad axe of flaming.
Doomstar burns the ancient champion.
Doomstar hits the curse skull but does no damage.
Doomstar hits the vampire with a +0 broad axe of flaming.
Doomstar burns the vampire.
Doomstar blocks the ancient champion's attack.
The vampire mage mumbles some strange words.
You begin to dig a shaft.
You continue digging a shaft.
The ancient champion barely misses Doomstar.
Doomstar hits the ancient champion but does no damage.
Doomstar barely misses the curse skull.
Doomstar hits the necrophage with a +0 broad axe of flaming!
Doomstar burns the necrophage.
The vampire barely misses you. You block the vampire's attack.
A shaft appears beneath you!
You fall into a shaft and drop 1 floor!
The shaft crumbles and collapses.
The ettin shouts in stereo!
The yaktaur captain shouts!
Found a ring mail.
Unknown command.
Doomstar is recalled.
The yaktaur captain wields a +0 arbalest.
The yaktaur captain shoots a bolt.
The bolt hits you!!
You die...

{ { { { . ...
##########.....
.......@.......
........R...c..
.C...[.........
...............
#####++########


You could see the friendly Doomstar the knight, a yaktaur captain and an ettin.

Vanquished Creatures
  Mlioglotl (Shoals:1)
  A kraken (Shoals:4)
  A tengu reaver (Vaults:3)
  A frost giant (Shoals:4)
  5 orc warlords
  3 vault wardens
  Louise (D:14)
  A stone giant (D:15)
  9 ironbound preservers
  6 ironbound thunderhulks
  14 dire elephants
  A minotaur (Gauntlet)
  4 merfolk javelineers
  6 merfolk impalers
  A great orb of eyes (Vaults:1)
  9 vault guards
  11 hydras
  A ghost crab (Shoals:2)
  A catoblepas (Lair:4)
  Harold (D:7)
  5 yaktaur captains
  9 boulder beetles
  A peacekeeper (Vaults:3)
  6 ironbound frosthearts
  An anaconda (Snake:1)
  7 centaur warriors
  12 two-headed ogres
  A merfolk aquamancer (Shoals:4)
  2 merfolk avatars
  3 death yaks
  4 death knights
  2 satyrs (Shoals:4)
  2 tengu warriors (D:13)
  A shock serpent (Lair:2)
  A deep troll earth mage (D:13)
  4 orc high priests
  A naga sharpshooter (Snake:1)
  A spectral dire elephant (Lair:6)
  4 hell knights (Vaults:3)
  Sonja (Lair:3)
  A fire crab (shapeshifter) (D:13)
  2 skeletal warriors
  7 sea snakes
  An obsidian statue (Lair:6)
  25 deep trolls
  3 lindwurms
  3 wizards
  14 harpies
  A naga ritualist (Lair:2)
  3 orc knights
  3 deep elf pyromancers
  7 ironbound convokers
  3 necromancers
  An orc sorcerer (Orc:1)
  A faun (shapeshifter) (D:13)
  14 ugly things
  A wolf spider (Orc:1)
  12 fauns
  11 cyclopes
  7 manticores
  A salamander (shapeshifter) (D:13)
  9 elephants
  8 black mambas
  6 merfolk sirens
  A torpor snail (Lair:3)
  A guardian serpent (Lair:2)
  A dire elephant zombie (Lair:6)
  10 vault sentinels
  2 gargoyles (D:13)
  8 cane toads
  4 water nymphs
  A naga mage (Snake:1)
  A spectral sea snake (Shoals:2)
  2 kobold demonologists (D:13)
  An unseen horror (D:11)
  A spectral water nymph (Shoals:2)
  A freezing wraith (D:12)
  8 yaktaurs
  3 efreet
  5 komodo dragons
  A rime drake (Lair:6)
  9 trolls
  4 meliai
  17 merfolk
  2 tarantellas (Orc:1)
  A hornet (D:8)
  5 polar bears
  Prince Ribbit (Lair:1)
  8 wind drakes
  2 harpy zombies (Shoals:3)
  14 blink frogs
  A spectral manticore (Shoals:2)
  5 dream sheep
  A spectral elephant (Lair:6)
  22 slime creatures
  3 snapping turtles
  2 jumping spiders (shapeshifter)
  A shadow (D:8)
  A spectral black mamba (Gauntlet)
  5 wyverns
  3 water elementals (Shoals:4)
  A vampire (D:13)
  3 wraiths
  32 yaks
  3 basilisks
  12 vampire mosquitoes
  2 steam dragons
  3 wargs
  A swamp worm (D:8)
  12 water moccasins
  3 acid dragons
  A naga (Snake:1)
  A spectral snapping turtle (Shoals:2)
  A hornet zombie (D:8)
  29 orc warriors
  2 sky beasts
  2 black bears
  9 boggarts
  An elephant skeleton (Lair:6)
  9 wolves
  4 ogres
  10 centaurs
  A kobold brigand (D:9)
  17 bullfrogs
  A gnoll sergeant (D:11)
  2 water moccasin zombies (D:5)
  A wyvern skeleton (D:7)
  5 killer bees
  A wight (D:5)
  4 electric eels (D:7)
  2 centaur zombies
  2 howler monkeys
  A hound (D:5)
  18 orc priests
  A jelly (D:8)
  A centaur skeleton (D:4)
  A gnoll shaman (D:7)
  3 iguanas
  19 orc wizards
  17 gnolls
  11 adders
  2 river rats (Sewer)
  A shadow imp (D:8)
  A white imp (Gauntlet)
  3 worms
  3 dart slugs
  59 orcs
  7 ball pythons
  A bat zombie (Shoals:3)
  5 endoplasms
  5 giant cockroaches
  6 goblins
  6 hobgoblins
  6 jackals
  11 kobolds
  6 quokkas
  5 bats
  8 frilled lizards
  A quokka skeleton (D:2)
  17 rats
  A butterfly (D:3)
  2 tentacles
853 creatures vanquished.

Vanquished Creatures (collateral kills)
  3 vault wardens
  A ghost moth (shapeshifter) (D:13)
  An ironbound thunderhulk (Vaults:2)
  5 ironbound preservers
  2 stone giants
  4 very ugly things
  11 dire elephants
  2 merfolk impalers (Shoals:4)
  2 yaktaur captains
  A spectral kraken (Shoals:2)
  5 vault guards
  A great orb of eyes (Vaults:2)
  2 hydras
  A boulder beetle (D:13)
  A death knight (D:13)
  A ghost crab (Shoals:2)
  4 centaur warriors
  An ironbound frostheart (Vaults:1)
  A merfolk avatar (Shoals:2)
  A death scarab (Gauntlet)
  4 two-headed ogres
  2 death yaks
  2 tengu warriors
  2 orc high priests (Orc:2)
  A shock serpent (Lair:2)
  3 spectral merfolk (Shoals:2)
  13 deep trolls
  A spectral death yak (Lair:6)
  3 sea snakes
  2 skeletal warriors (D:15)
  2 ironbound convokers
  A spectral anaconda (Lair:6)
  2 lindwurms (Vaults:3)
  3 necromancers (Lair:6)
  2 wizards
  10 harpies
  4 orc knights (Vaults:2)
  5 ugly things
  3 orc sorcerers (Orc:2)
  A faun (shapeshifter) (Vaults:3)
  6 fauns
  6 cyclopes
  13 manticores
  4 black mambas
  2 merfolk sirens
  3 elephants
  A cane toad (Lair:6)
  3 vault sentinels
  A water nymph (Shoals:4)
  A yaktaur zombie (Vaults:2)
  2 komodo dragons (Lair:4)
  A yaktaur (Vaults:2)
  A kobold demonologist (D:13)
  A freezing wraith (D:15)
  13 merfolk
  6 trolls
  2 polar bears (Lair:5)
  2 harpy zombies (Shoals:3)
  A meliai (D:14)
  2 wind drakes (Shoals:2)
  A tarantella (Orc:1)
  A deep troll zombie (Vaults:2)
  7 blink frogs
  18 slime creatures
  6 dream sheep
  3 snapping turtles
  A human simulacrum (Vaults:2)
  A water elemental (Shoals:1)
  A centaur simulacrum (D:13)
  A spectral wind drake (Shoals:2)
  A dire elephant simulacrum (Lair:6)
  3 basilisks
  2 wraiths
  A wyvern (Lair:4)
  5 vampire mosquitoes
  10 yaks
  2 steam dragons
  2 swamp worms (D:8)
  A warg (Orc:2)
  Edmund (D:4)
  4 water moccasins
  18 orc warriors
  A sky beast (D:6)
  2 ice beasts (D:7)
  A black bear (D:6)
  2 elephant zombies (Lair:6)
  2 wolves
  2 ogres (Orc:2)
  4 centaurs
  5 bullfrogs
  2 scorpions
  A wyvern zombie (D:6)
  A gnoll sergeant (D:10)
  7 killer bees
  2 wights (D:6)
  An elephant simulacrum (Lair:6)
  3 howler monkeys
  3 electric eels
  A hound (D:5)
  2 centaur zombies
  A gnoll shaman (D:7)
  14 orc priests
  A centaur skeleton (D:5)
  2 iguanas
  10 orc wizards
  A scorpion zombie (D:5)
  A hound skeleton (D:4)
  2 howler monkey zombies
  A mummy (D:8)
  8 gnolls
  4 adders
  6 river rats (Sewer)
  A white imp (D:5)
  30 orcs
  7 ball pythons
  2 endoplasms
  A jackal (D:2)
  A bat (D:3)
  2 frilled lizards
  16 rats
  2 tentacles
432 creatures vanquished.

Vanquished Creatures (others)
  2 centaur warriors
  A wizard (D:14)
  A faun (Shoals:4)
  4 yaktaurs
  32 knights
  An ancestor (D:3)
  42 fungi
  162 plants
  6 tentacles
  28 withered plants
279 creatures vanquished.

Grand Total: 1564 creatures vanquished

Notes
Turn   | Place    | Note
-------+----------+-------------------------------------------
     0 | D:1      | Daunt the Formicid Ice Elementalist began the quest for the
                  | Orb.
     0 | D:1      | Reached XP level 1. HP: 13/13 MP: 3/3
   264 | D:1      | Reached XP level 2. HP: 17/19 MP: 3/5
   633 | D:1      | Reached skill level 1 in Fighting
   655 | D:1      | Reached XP level 3. HP: 25/26 MP: 1/6
   752 | D:1      | Learned a level 3 spell: Frozen Ramparts
  1462 | D:2      | Reached XP level 4. HP: 28/33 MP: 7/7
  1578 | D:2      | Found a faded altar of an unknown god.
  1667 | D:2      | Prayed at the altar of an unknown god.
  1667 | D:2      | Became a worshipper of Hepliaklqana the Forgotten
  1667 | D:2      | Reached * piety under Hepliaklqana
  1763 | D:2      | Found Bikh's Armour Shop.
  1769 | D:2      | Found Tevirr's Antique Weapon Shop.
  1804 | D:2      | Learned a level 3 spell: Ozocubu's Armour
  1864 | D:2      | Found Cuwoyss's Jewellery Boutique.
  2202 | D:2      | Reached skill level 5 in Ice Magic
  2227 | D:2      | Reached XP level 5. HP: 35/35 MP: 4/8
  2546 | D:3      | Reached ** piety under Hepliaklqana
  2573 | D:3      | Remembered your ancestor Doomstar as a knight
  2619 | D:3      | Reached XP level 6. HP: 29/42 MP: 2/9
  2717 | D:3      | Found an iron altar of Okawaru.
  2777 | D:3      | Found a shimmering altar of Xom.
  3366 | D:4      | Got Wiraiv's Catalogue of Displaced Contamination
  3479 | D:4      | Got the Incunabulum of Dislocation
  3605 | D:4      | Noticed Edmund
  3720 | D:4      | Reached XP level 7. HP: 49/49 MP: 3/10
  3721 | D:4      | Reached skill level 5 in Fighting
  3985 | D:5      | Entered Level 5 of the Dungeon
  4005 | D:5      | Found Lane's Distillery.
  4077 | D:5      | Bought a potion of curing for 33 gold pieces
  4077 | D:5      | Bought a potion of invisibility for 88 gold pieces
  4077 | D:5      | Bought a potion of might for 44 gold pieces
  4566 | D:5      | Reached XP level 8. HP: 56/60 MP: 7/11
  5073 | D:6      | Noticed a two-headed ogre
  5120 | D:6      | Reached *** piety under Hepliaklqana
  5269 | D:6      | Found a glowing drain.
  5382 | D:6      | Reached skill level 10 in Fighting
  5398 | Sewer    | Entered a sewer
  5434 | Sewer    | Reached XP level 9. HP: 68/70 MP: 8/12
  5637 | Sewer    | Reached skill level 1 in Evocations
  6077 | D:6      | Found a bloodstained altar of Trog.
  6867 | D:4      | Killed Edmund
  6958 | D:6      | HP: 2/66 [wight (3)]
  7413 | D:6      | Killed a two-headed ogre
  7414 | D:6      | Reached XP level 10. HP: 9/80 MP: 13/13
  7464 | D:5      | Bought a potion of ambrosia for 88 gold pieces
  8083 | D:7      | Reached **** piety under Hepliaklqana
  8154 | D:7      | Found a staircase to the Ecumenical Temple.
  8656 | D:7      | Noticed Harold
  8863 | D:7      | Found a glowing silver altar of Zin.
  9726 | D:8      | Noticed a death knight
 10448 | D:8      | Reached XP level 11. HP: 79/90 MP: 14/14
 10455 | D:8      | Reached skill level 15 in Fighting
 10657 | D:8      | Noticed a cyclops
 10804 | D:8      | Noticed a cyclops
 10977 | D:8      | Noticed a six-headed hydra
 11072 | D:8      | Found the +7 Spriggan's Knife {stab, EV+4 Stlth+}
 11097 | D:8      | Noticed a manticore
 11107 | D:8      | Killed a manticore
 11108 | D:8      | Reached skill level 2 in Polearms
 11149 | D:8      | Killed a cyclops
 11150 | D:8      | Reached skill level 3 in Polearms
 11244 | D:8      | Killed a cyclops
 11245 | D:8      | Reached skill level 4 in Polearms
 11255 | D:8      | Found a bloodstained altar of Trog.
 11301 | D:8      | Noticed a cyclops
 11488 | D:8      | Killed a death knight
 11488 | D:8      | HP: 4/92 [mirror damage (1)]
 11489 | D:8      | Reached skill level 5 in Polearms
 11913 | D:8      | Reached skill level 6 in Polearms
 12142 | D:8      | Found a snail-covered altar of Cheibriados.
 12505 | D:8      | Found an ornate altar of the Wu Jian Council.
 12892 | D:9      | Reached ***** piety under Hepliaklqana
 12963 | D:9      | Noticed a two-headed ogre
 13030 | D:8      | Killed a ten-headed hydra
 13031 | D:8      | Reached skill level 7 in Polearms
 13031 | D:8      | Killed a cyclops
 13144 | D:9      | Killed a two-headed ogre
 13145 | D:9      | Reached skill level 8 in Polearms
 13145 | D:9      | Reached XP level 12. HP: 39/99 MP: 15/15
 13730 | D:9      | Found a burning altar of Makhleb.
 13777 | D:9      | Identified the +1 flail "Tud Yzy" {vamp, rElec}
 13837 | D:10     | Entered Level 10 of the Dungeon
 13841 | D:10     | Noticed a two-headed ogre
 13852 | D:10     | Killed a two-headed ogre
 13853 | D:10     | Reached skill level 9 in Polearms
 14103 | D:10     | Found a staircase to the Orcish Mines.
 14406 | D:10     | Found a staircase to the Lair.
 14425 | D:10     | Found a faded altar of an unknown god.
 14425 | D:10     | Found a shimmering blue altar of Sif Muna.
 14433 | D:10     | Found a sparkling altar of Nemelex Xobeh.
 14435 | D:10     | Found a faded altar of an unknown god.
 14437 | D:10     | Found a radiant altar of Vehumet.
 14675 | D:10     | Reached skill level 10 in Polearms
 14820 | D:10     | Found a hide-covered altar of Uskayaw.
 14930 | Lair:1   | Entered Level 1 of the Lair of Beasts
 15299 | Lair:1   | Reached skill level 11 in Polearms
 15514 | Lair:1   | Noticed Nergalle
 15550 | Lair:1   | Noticed Prince Ribbit
 15563 | Lair:1   | Killed Prince Ribbit
 15598 | Lair:1   | Noticed a five-headed hydra
 15618 | Lair:1   | Killed a five-headed hydra
 16077 | Lair:2   | Found a gate leading to a gauntlet.
 16082 | Gauntlet | Entered a Gauntlet
 16082 | Gauntlet | Found a transporter.
 16085 | Gauntlet | Found a transporter.
 16085 | Gauntlet | Noticed a death scarab
 16087 | Gauntlet | Found a transporter.
 16101 | Gauntlet | Found a transporter.
 16103 | Gauntlet | Found a transporter.
 16105 | Gauntlet | Noticed a hell hog
 16113 | Gauntlet | Found a transporter.
 16128 | Gauntlet | Found a transporter.
 16128 | Gauntlet | Noticed a blizzard demon
 16135 | Gauntlet | Noticed a ghost crab
 16138 | Gauntlet | Found a transporter.
 16146 | Gauntlet | Noticed a quicksilver ooze
 16148 | Gauntlet | Found a transporter.
 16162 | Gauntlet | Found a transporter.
 16171 | Gauntlet | Found a transporter.
 16177 | Gauntlet | Found a transporter.
 16276 | Gauntlet | Killed a death scarab
 16277 | Gauntlet | Reached skill level 12 in Polearms
 16289 | Gauntlet | Learned a level 1 spell: Apportation
 16414 | Gauntlet | Found a transporter.
 16416 | Gauntlet | Identified the amulet "Dawava" {Reflect +Blink +Inv rPois
                  | SH+5}
 16689 | Gauntlet | Identified the +2 hunting sling of Benevolence {freeze,
                  | Str+6}
 16689 | Gauntlet | Noticed a minotaur
 16699 | Gauntlet | Killed a minotaur
 16700 | Gauntlet | Reached skill level 1 in Invocations
 16706 | Gauntlet | Identified the ring "Tystrem" {Wiz Slay+2}
 16827 | Lair:2   | Reached XP level 13. HP: 87/104 MP: 12/16
 17006 | Lair:2   | Found a staircase to the Snake Pit.
 17017 | Lair:2   | Reached skill level 5 in Evocations
 17127 | Lair:2   | Got Sif Muna's Disquisition on Fascination and Cold
 17143 | Lair:2   | Noticed a five-headed hydra
 17149 | Lair:2   | Killed a five-headed hydra
 17218 | Lair:2   | Noticed a four-headed hydra
 17380 | Lair:2   | Killed a four-headed hydra
 17566 | Lair:2   | Reached skill level 13 in Polearms
 18302 | Lair:3   | Found a staircase to the Shoals.
 18395 | Lair:3   | Noticed a six-headed hydra
 18408 | Lair:3   | Killed a nine-headed hydra
 18457 | Lair:3   | Noticed Sonja
 18781 | Lair:3   | Reached skill level 14 in Polearms
 18994 | Lair:3   | Noticed a four-headed hydra
 19006 | Lair:3   | Killed a four-headed hydra
 19034 | Lair:3   | Killed Sonja
 19176 | Lair:3   | Reached skill level 15 in Polearms
 19718 | Lair:3   | Reached XP level 14. HP: 110/110 MP: 13/17
 19772 | Lair:3   | Reached skill level 1 in Armour
 21115 | Lair:4   | Reached ****** piety under Hepliaklqana
 21119 | Lair:4   | Reached skill level 5 in Armour
 21497 | Lair:4   | Reached skill level 16 in Polearms
 22389 | Lair:5   | Found a viscous altar of Jiyva.
 22389 | Lair:5   | Found a staircase to the Slime Pits.
 22561 | Lair:6   | Entered Level 6 of the Lair of Beasts
 23102 | Lair:6   | Noticed a dire elephant
 23102 | Lair:6   | Noticed a dire elephant
 23102 | Lair:6   | Noticed a dire elephant
 23488 | Lair:6   | Reached skill level 17 in Polearms
 24061 | Lair:6   | Reached XP level 15. HP: 116/116 MP: 15/18
 24534 | Lair:6   | Got the Grimoire of the Arsonist
 25302 | D:11     | Found an opulent altar of Gozag.
 25477 | D:11     | Reached skill level 10 in Armour
 26416 | D:12     | Got the Almanac of the Cankerous Compass
 26478 | D:12     | Reached skill level 5 in Invocations
 28771 | D:12     | Reached XP level 16. HP: 124/124 MP: 15/19
 29113 | D:13     | Reached skill level 1 in Throwing
 29939 | D:13     | Reached skill level 5 in Throwing
 30219 | D:13     | Reached skill level 1 in Shields
 31143 | D:14     | Reached skill level 5 in Shields
 31226 | D:14     | Found a gate to the Vaults.
 31420 | D:14     | Noticed Louise
 31501 | Orc:1    | Entered Level 1 of the Orcish Mines
 31501 | Orc:1    | Found Xeawetzir's Antique Weapon Shop.
 31588 | Orc:1    | Found Dagissash's General Store.
 31768 | Orc:2    | Entered Level 2 of the Orcish Mines
 31836 | Orc:2    | Found Cozxues's Firing Range.
 31929 | Orc:1    | Reached XP level 17. HP: 49/130 MP: 14/20
 32370 | Orc:2    | Found Zixtupt's Assorted Antiques.
 32370 | Orc:2    | Found Zaqos's General Store.
 32370 | Orc:2    | Found Luutud's Armour Shop.
 32382 | Orc:2    | Found Lamytt's Jewellery Boutique.
 32669 | Orc:2    | Bought a purple potion for 20 gold pieces
 32670 | Orc:2    | Bought a scroll of identify for 22 gold pieces
 32860 | Orc:2    | Found a staircase to the Elven Halls.
 32992 | Orc:1    | Reached skill level 10 in Throwing
 33035 | Orc:1    | Found Leleif's Jewellery Emporium.
 33227 | Orc:1    | Found Rasiligg's General Store.
 33236 | Orc:1    | Bought a scroll of magic mapping for 45 gold pieces
 33492 | D:2      | Bought +2 storm dragon scales for 1288 gold pieces
 33492 | D:2      | Bought a +2 ring mail of willpower for 294 gold pieces
 33778 | D:7      | Killed Harold
 33932 | D:13     | Reached skill level 10 in Evocations
 34507 | Orc:2    | Bought a ring of willpower for 300 gold pieces
 34755 | D:14     | Found a sparkling altar of Nemelex Xobeh.
 34793 | D:14     | Killed Louise
 35895 | D:15     | Entered Level 15 of the Dungeon
 36371 | D:15     | Found a staircase to the Depths.
 36850 | Snake:1  | Entered Level 1 of the Snake Pit
 37125 | Shoals:1 | Entered Level 1 of the Shoals
 37531 | Shoals:1 | Reached XP level 18. HP: 136/137 MP: 21/21
 37575 | Shoals:1 | Reached skill level 10 in Shields
 38444 | Shoals:1 | Noticed Mlioglotl
 38450 | Shoals:1 | Noticed a profane servitor
 38462 | Shoals:1 | You are sucked into a shaft and drop 1 floor!
 38965 | Shoals:1 | Killed Mlioglotl
 41130 | Shoals:3 | Reached skill level 15 in Shields
 41507 | Shoals:4 | Entered Level 4 of the Shoals
 41801 | Shoals:4 | Noticed a kraken
 41831 | Shoals:4 | Killed a kraken
 42217 | Shoals:4 | Reached skill level 18 in Polearms
 42602 | Shoals:4 | Reached XP level 19. HP: 100/143 MP: 22/22
 43754 | Shoals:4 | Got a barnacled rune of Zot
 44752 | Vaults:1 | Entered Level 1 of the Vaults
 46140 | Vaults:1 | Reached skill level 19 in Polearms
 46323 | Vaults:1 | Reached XP level 20. HP: 151/151 MP: 23/23
 46963 | Vaults:1 | Reached skill level 15 in Armour
 47636 | Vaults:2 | Reached skill level 20 in Polearms
 48129 | Vaults:2 | Found Wouh Wau's Magic Scroll Emporium.
 48802 | Vaults:2 | Got the Handbook of Companions and Battle Magic
 48985 | Vaults:3 | Reached XP level 21. HP: 157/157 MP: 26/26
 49665 | Vaults:3 | Reached skill level 21 in Polearms
 50784 | Vaults:3 | You fall into a shaft and drop 1 floor!
 50785 | Vaults:4 | Shot with a bolt by a yaktaur captain

Illustrated notes

Levels and vault maps discovered:
D:1:      dpeg_arrival_castle, layout_basic, minmay_ruptured
D:2:      layout_basic, dreamdust_ecumenical_altar_statues, serial_shops, shop,
          shop, nicolae_shop_hallway_plus, minmay_divided_ellipse
D:3:      layout_rooms, okawaru_metal_pillars_1_2, xom_butterflies,
          serial_forest, infiniplex_forest_straight_2,
          infiniplex_forest_clump_medium, infiniplex_forest_straight_5,
          infiniplex_forest_straight_4, infiniplex_forest_straight_2
D:4:      layout_basic, kennysheep_small_circle, uniq_edmund
D:5:      layout_cave_pools, serial_shops, nicolae_shop_stone,
          chequers_mini_garden
D:6:      layout_rooms, trog_three_pillars_becter, portal_sewer_entry_c,
          kennysheep_generic_room_8
D:7:      layout_basic, nicolae_overflow_crystal_walls,
          minmay_temple_entry_nine_rooms, serial_bayou, serial_bayou_lagoon_a,
          serial_bayou_pond_e, serial_bayou_pond_c, serial_bayou_ford_a,
          uniq_harold
D:8:      minmay_the_grid_octo_2x2 [minmay_the_grid_octo_chip,
          minmay_the_grid_octo_vomiting_pacman, minmay_the_grid_octo_toaster,
          minmay_the_grid_octo_prize_star], layout_basic, slow_altar_1,
          hangedman_decor_slide_cut, minmay_statues_item, worms_lemuel
D:9:      layout_rooms, lemuel_doored_altar, minmay_misc_feat_diagonals
D:10:     layout_basic, nicolae_uskayaw_suspiria,
          chequers_temple_overflow_minitemple, lair_entry_dummy, david_orc_3,
          kennysheep_generic_room_7
D:11:     layout_long_grid, nicolae_gozag_cash_rules_everything_around_me
D:12:     layout_basic, nzn_random_ring
D:13:     minmay_nested_s, layout_loops_ring
D:14:     layout_loops_cross, erik_vaults_2, nemelex_spade_bored_becter,
          uniq_louise
D:15:     grunt_enter_depths_giant_problem, layout_basic
Lair:1:   layout_small_grid, chequers_serial_rivers_small_3,
          lemuel_old_faithful, uniq_nergalle, uniq_prince_ribbit2
Lair:2:   layout_roguey, minmay_snake_entry_spellcaster, gauntlet_entry_generic,
          st_stairs_7, minivault_23, nicolae_lair_grazing_beasts
          [nicolae_sub_lair_graze_edge, nicolae_sub_lair_graze_edge,
          nicolae_sub_lair_graze_edge, nicolae_sub_lair_graze_edge]
Lair:3:   layout_roguey, minmay_shoals_entry_beasts, uniq_sonja
Lair:4:   layout_roguey, grunt_megastairs_5, infiniplex_staircase_pool_2
Lair:5:   layout_misc_corridors, slime_altar_1, cheibrodos_lair_lostbears,
          serial_bayou_shore_a
Lair:6:   due_jungle_book, layout_loops_ring, kilobyte_rumbling_trees
Shoals:1: layout_shoals, nicolae_shoals_mertower, uniq_mlioglotl
Shoals:2: layout_shoals, nicolae_shoals_spectral_cove
Shoals:3: layout_shoals, nicolae_shoals_undead_eyrie
Shoals:4: shoals_end_grunt_ice, layout_shoals
Snake:1:  nicolae_snake_attic_fulla_snakes, layout_chambers,
          ebering_ghost_reflecting_pool, evilmike_ambush
          [evilmike_ambush_outer_pillars, evilmike_ambush_inner_basic]
Orc:1:    nicolae_orc_accident_3, layout_diamond_mine, serial_shops,
          nicolae_shop_advertising_works [nicolae_subvault_shop_adworks],
          nicolae_shop_stone, nicolae_shop_crystal, shop
Orc:2:    st_orc_mages, layout_caves, nicolae_shop_firing_range
Vaults:1: nicolae_vaults_little_squares_1, v_misc_33, v_misc_8, st_spiral_rooms,
          v_alt_pattern_3, v_misc_2, hangedman_vaults_restitches,
          vaults_standard_mumra_lines, ontoclasm_vaults_decontamination,
          dpeg_vaults_monster_row, ontoclasm_vaults_bender,
          nicolae_vaults_angled_halls, nicolae_vaults_diagonal_hallway_9,
          ontoclasm_vaults_gateway, nicolae_vaults_mini_display_case,
          layout_vaults_maze_snakey
Vaults:2: nicolae_vaults_network_square, hangedman_vaults_corner,
          hangedman_vaults_stream, nicolae_vaults_circle_grid_a, v_rooms_1,
          nicolae_vaults_ring_of_whatevers, grunt_vaults_bifocal,
          special_room_vaults [special_room_orc],
          nicolae_vaults_network_quinsquares
          [nicolae_vaults_network_quincunx_subvault,
          nicolae_vaults_network_quincunx_subvault,
          nicolae_vaults_network_quincunx_subvault,
          nicolae_vaults_network_quincunx_subvault], ontoclasm_vaults_eye,
          vaults_room_semicircle, nicolae_vaults_circle_grid_b,
          vaults_room_door_ring, layout_vaults_big_cross, serial_shops,
          nicolae_lakefront_shop
Vaults:3: nicolae_vaults_yaktaur_gun_rack, nicolae_vaults_triangles,
          hangedman_vaults_trim, nicolae_vaults_little_squares_4,
          minmay_crypt_entry_simple_corners, v_pattern_5, vaults_dpeg_hooks,
          hangedman_vaults_corner_blocks, vaults_dpeg_ring, v_alt_pattern_6,
          hangedman_vaults_nails, nicolae_vaults_shelves_hall,
          nicolae_vaults_an_arrangement, layout_vaults_big_room
Vaults:4: v_rooms_2, nicolae_vaults_what_the_h, nicolae_vaults_shelves_hall,
          v_pattern_3, v_misc_29, ontoclasm_vaults_tryst,
          vaults_standard_mumra_x, v_alt_pattern_6, serial_ice_g,
          vaults_room_ringed_pool, nicolae_vaults_shelves_hall,
          vaults_room_semicircle, nicolae_vaults_murderbox,
          layout_vaults_omnigrid, serial_shops, shop

Skill      XL: |  1  2  3  4  5  6  7  8  9 10 11 12 13 14 15 16 17 18 19 20 21 |
---------------+----------------------------------------------------------------+-----
Dodging        | 2 3 |  3.6
Fighting       | 1 2 3 4 7 10 11 14 15 16 17 | 17.9
Ice Magic      | 5 6 7 |  7.0
Evocations     | 4 7 9 10 11 | 11.0
Stealth        | 3 |  3.0
Polearms       | 8 12 15 17 18 19 20 21 | 21.2
Invocations    | 1 3 5 7 |  7.8
Armour         | 7 12 14 15 | 15.0
Throwing       | 8 14 | 14.5
Shields        | 7 9 15 16 | 16.0
Spellcasting   | |  2.3

Action                   |  1- 3 |  4- 6 |  7- 9 | 10-12 | 13-15 | 16-18 | 19-21 || total
-------------------------+-------+-------+-------+-------+-------+-------+-------++-------
Melee: Short sword       |     7 |       |       |       |       |       |       ||     7
       Punch             |     1 |       |     1 |     4 |     5 |       |       ||    11
       Dagger            |    14 |    66 |   103 |    83 |       |       |       ||   266
       Glaive            |       |       |       |   144 |   558 |   866 |   309 ||  1877
       Trident           |       |       |       |       |    34 |       |       ||    34
       Bardiche          |       |       |       |       |       |       |   431 ||   431
 Fire: Hunting sling     |       |       |       |       |     5 |     3 |       ||     8
Throw: Stone             |    35 |    14 |   137 |   123 |    98 |    83 |       ||   490
       Boomerang         |       |       |       |       |       |    31 |    43 ||    74
       Javelin           |       |       |       |       |       |       |     7 ||     7
 Cast: Freeze            |    36 |     6 |     1 |     1 |       |       |       ||    44
       Frozen Ramparts   |     1 |    14 |    23 |    83 |    73 |    47 |       ||   241
       Ozocubu's Armour  |       |     5 |    10 |    23 |    40 |    16 |       ||    94
       Apportation       |       |       |       |     2 |       |       |       ||     2
Invok: Recall Ancestor   |       |     3 |     1 |     3 |     1 |     7 |     2 ||    17
       Ancestor Life: Kn |       |     1 |       |       |       |       |       ||     1
       Ancestor Identity |       |       |       |     1 |       |       |     1 ||     2
       Transference      |       |       |       |       |     2 |       |       ||     2
       Idealise          |       |       |       |       |     1 |     2 |     1 ||     4
 Abil: Dig               |       |       |       |       |       |     8 |       ||     8
       Shaft Self        |       |       |       |       |       |     1 |     1 ||     2
Evoke: Wand              |       |       |     1 |     1 |       |     7 |     4 ||    13
       Condenser vane    |       |       |       |     1 |       |     2 |     2 ||     5
       Phantom mirror    |       |       |       |       |       |     1 |       ||     1
       Tin of tremorston |       |       |       |       |       |       |     3 ||     3
  Use: Scroll            |       |       |       |     8 |     4 |     7 |    13 ||    32
       Potion            |       |       |       |     1 |     1 |     4 |     3 ||     9
 Stab: Sleeping          |     2 |     3 |     1 |     2 |    13 |       |       ||    21
       Distracted        |       |       |     2 |       |     5 |    12 |     9 ||    28
       Petrifying        |       |       |       |       |     1 |       |       ||     1
       Invisible         |       |       |       |       |       |     2 |       ||     2
Armor: Robe              |     8 |     7 |       |       |       |       |       ||    15
       Leather armour    |       |     5 |    27 |     3 |       |       |       ||    35
       Steam dragon scal |       |       |       |    64 |    85 |       |       ||   149
       Chain mail        |       |       |       |       |    18 |       |       ||    18
       Troll leather arm |       |       |       |       |       |    13 |       ||    13
       Storm dragon scal |       |       |       |       |       |   155 |   171 ||   326
       Plate armour      |       |       |       |       |       |    21 |       ||    21
       Ring mail         |       |       |       |       |       |     3 |       ||     3
Dodge: Dodged            |    35 |    36 |    60 |   134 |   134 |   133 |    74 ||   606
Block: Other             |       |       |       |     1 |    74 |     6 |       ||    81
       Reflection        |       |       |       |       |     1 |    75 |    43 ||   119
       Kite shield       |       |       |       |       |       |   106 |    54 ||   160
       Tower shield      |       |       |       |       |       |   428 |   435 ||   863
